 Dungeon Crawl Stone Soup version 0.27-a0-1188-g73eefd5def (webtiles) character file.

Game seed: 9633273312004496159

417 Sobieck the Spear-Bearer (level 6, 0/51 HPs)
             Began as a Merfolk Monk on May 20, 2021.
             Slain by an iguana (11 damage)
             ... on level 5 of the Dungeon on May 21, 2021.
             The game lasted 00:09:18 (3419 turns).

Sobieck the Spear-Bearer (Merfolk Monk)             Turns: 3419, Time: 00:09:19

Health: 0/51       AC:  6    Str: 11    XL:     6   Next: 92%
Magic:  6/6        EV: 13    Int: 15    God:
Gold:   63         SH:  0    Dex: 19    Spells: 5/5 levels left

rFire    . . .     SeeInvis .   a - +0 spear {polearm}
rCold    . . .     Faith    .   (no shield)
rNeg     . . .     Spirit   .   i - +0 ring mail
rPois    +         Reflect  .   (no helmet)
rElec    +         Harm     .   (no cloak)
rCorr    .         Rampage  .   (no gloves)
Will     .....                  t - +0 pair of boots
Stlth    ++........             m - amulet of magic regeneration {@e2}
HPRegen  0.17/turn              c - ring of poison resistance
MPRegen  0.35/turn              e - ring of Qazlal's Favour {rElec Int+6}

@: no status effects
A: (nimble swimmer 2), mertail
a: no special abilities


You were on level 5 of the Dungeon.
You visited 1 branch of the dungeon, and saw 7 of its levels.

You collected 63 gold pieces.


Innate Abilities, Weirdness & Mutations

((You are quick and stealthy near water. (Stealth+, EV+, Speed+++)))
Your lower body shifts to a powerful aquatic tail in water.


   Skills:
 + Level 5.0 Fighting
 * Level 8.3 Polearms
 + Level 6.0 Dodging
 - Level 2.1 Stealth


You had 5 spell levels left.
You didn't know any spells.
Your spell library was empty.

Inventory:

Hand Weapons
 a - a +0 spear (weapon) {polearm}
Missiles
 f - 26 bolts
 g - 13 poisoned darts {throwing}
 h - 28 stones (quivered) {throwing}
 l - 13 sling bullets
 s - 8 arrows
Armour
 b - a +0 robe
 i - a +0 ring mail (worn)
   (You found it on level 4 of the Dungeon)
 t - a +0 pair of boots (worn)
   (You found it on level 5 of the Dungeon)
Magical Staves
 n - a staff of cold {!astaff}
   (You took it off a hobgoblin on level 4 of the Dungeon)
Jewellery
 c - a ring of poison resistance (left hand)
   (You found it on level 1 of the Dungeon)
 d - a +6 ring of strength
   (You found it on level 1 of the Dungeon)
 e - the ring of Qazlal's Favour (right hand) {rElec Int+6}
   (You found it on level 4 of the Dungeon)

   [ring of intelligence]

   It affects your intelligence (+6).
   It insulates you from electricity.
 m - an amulet of magic regeneration (around neck) {@e2}
   (You found it on level 4 of the Dungeon)
Wands
 r - a wand of polymorph (7)
   (You found it on level 5 of the Dungeon)
Scrolls
 q - a scroll of fear
Potions
 j - a potion of lignification {unknown}
 k - a potion of flight {unknown}
 o - a potion of attraction {unknown}
 p - a potion of curing {unknown}

Dungeon Overview and Level Annotations

Branches:
Dungeon (7/15)
 Temple: D:4-7

Altars:

Shops:
D:4 ([[*(

Annotations:
D:4 exclusion: downstairs

#................#
#.##############.#
..# #.# # ### #.#
.### #
#####'###.... #
#.........# #
#.........# #
#.........# #
#....@....# #
#....l....# #
#.........# #
#.........# #
#.........# #
#####'##### # #.#
# #..


You could see an iguana.


Message History

😮 HP[-2]
You take 2 damage, and now have 33/50 hp.
You hit the howler monkey.
The howler monkey closely misses you. 😮 HP[+1]
You closely miss the howler monkey. The howler monkey closely misses you.
You hit the howler monkey. The howler monkey closely misses you.
You completely miss the howler monkey. The howler monkey closely misses you.
You hit the howler monkey.
You kill the howler monkey!
Your Dodging skill increases to level 6!
You closely miss the adder. The adder closely misses you.
You completely miss the adder. The adder bites you but does no damage.
You hit the adder. The adder misses you.
You hit the adder. The adder closely misses you.
You barely miss the adder.
The adder bites you but does no damage. 😮 HP[+1]
You completely miss the adder. The adder barely misses you.
You miss the adder. You hit the adder but do no damage.
The adder closely misses you.
You hit the adder.
You kill the adder!
You start resting. 😎 HP[+15]
Your hp is fully restored (50).
You see here a howler monkey corpse.
You now have 63 gold pieces (gained 3).
Unknown command.
A shadow imp comes into view.
Unknown command.
You reach to attack!
You closely miss the shadow imp.
You reach to attack!
You closely miss the shadow imp. You closely miss the shadow imp.
The shadow imp misses you.
You closely miss the shadow imp.
You hit the shadow imp but do no damage.
The shadow imp hits you. 😕 HP[-5]
You take 5 damage, and now have 45/50 hp.
You barely miss the shadow imp.
The shadow imp hits you but does no damage.
You hit the shadow imp. You hit the shadow imp. The shadow imp misses you.
You hit the shadow imp but do no damage.
The shadow imp closely misses you.
You hit the shadow imp but do no damage. 😕 HP[+1]
You hit the shadow imp.
You kill the shadow imp!
Your Fighting skill increases to level 5! 😕 HP[+1]
You now have 51 max hp (+1).
No target in view!
Unknown command. 😕 HP[+1]
s - 8 arrows 😕 HP[+1] 😕 HP[+1] 😎 HP[+1]
Your hp is fully restored (51).
There is a stone staircase leading up here.
t - a +0 pair of boots You start putting on your armour.
You continue putting on your +0 pair of boots. x4
You finish putting on your +0 pair of boots.
An iguana comes into view.
There is an open door here.
The iguana hisses angrily.
You hit the iguana but do no damage. The iguana barely misses you.
You hit the iguana but do no damage. The iguana barely misses you.
You hit the iguana. You hit the iguana but do no damage.
The iguana bites you! 😕 HP[-10]
You take 10 damage, and now have 41/51 hp.
You hit the iguana. The iguana bites you. 😮 HP[-5]
You take 5 damage, and now have 36/51 hp.
You are too injured to fight recklessly!
You are too injured to fight recklessly!
You are too injured to fight recklessly!
You are too injured to fight recklessly!
You hit the iguana. You hit the iguana but do no damage.
The iguana barely misses you.
You hit the iguana. The iguana barely misses you.
You hit the iguana but do no damage. 😮 HP[+1]
You closely miss the iguana. The iguana bites you! 😮 HP[-8]
You take 8 damage, and now have 29/51 hp.
You hit the iguana but do no damage. The iguana bites you!
* * * LOW HITPOINT WARNING * * *
😨 HP[-12]
You take 12 damage, and now have 17/51 hp.
MASSIVE DAMAGE!! (PAUSE)
You hit the iguana. You barely miss the iguana. The iguana bites you.
* * * LOW HITPOINT WARNING * * *
😱 HP[-6]
You take 6 damage, and now have 11/51 hp.
Unknown command.
You completely miss the iguana. The iguana bites you!
You die...

Skill      XL: |  1  2  3  4  5  6 |
---------------+-------------------+-----
Polearms       | 5 6 7 8 |  8.3
Fighting       | 4 5 |  5.0
Dodging        | 5 6 |  6.0
Stealth        | |  2.1

Action                   |  1- 3 |  4- 6 || total
-------------------------+-------+-------++-------
Melee: Spear             |   100 |   191 ||   291
Throw: Stone             |       |     5 ||     5
       Dart              |       |     4 ||     4
  Use: Scroll            |     2 |     1 ||     3
 Stab: Sleeping          |     3 |     1 ||     4
       Distracted        |       |     1 ||     1
Armor: Robe              |     9 |       ||     9
       Ring mail         |     9 |    20 ||    29
Dodge: Dodged            |    62 |    74 ||   136

Levels and vault maps discovered:
D:1:      ebering_hopf_link, layout_loops_ring,
          hellmonk_ecumenical_altar_blasted, chequers_serial_rivers_micro_d,
          serial_bayou_pond_a
D:2:      layout_basic, minmay_randomly_rotated_circles
D:3:      layout_rooms, uniq_sigmund
D:4:      layout_basic, serial_shops, nicolae_shop_waterfront,
          nicolae_shop_overgrown_old_shop, nicolae_shop_statue_plus, shop,
          kennysheep_little_box, grunt_ministairs_2, kennysheep_generic_room_7
D:5:      layout_basic, kennysheep_mini, lemuel_crystal_altar,
          minmay_fractal_squares_gapless_5, uniq_edmund
D:6:      layout_basic, minmay_temple_entry_junction,
          nicolae_ossuary_entry_ruins
D:7:      layout_basic, vehumet_crystals, gammafunk_temple_overflow_wave,
          nicolae_elemental_shop, nicolae_underground_beach, uniq_harold,
          uniq_menkaure

Notes
Turn   | Place    | Note
-------+----------+-------------------------------------------
     0 | D:1      | Sobieck the Merfolk Monk began the quest for the Orb.
     0 | D:1      | Reached XP level 1. HP: 18/18 MP: 1/1
     0 | D:1      | magus.rc [v1.9.6]
   148 | D:1      | Reached XP level 2. HP: 24/24 MP: 2/2
   160 | D:1      | Reached skill level 5 in Polearms
   322 | D:3      | Reached XP level 3. HP: 21/29 MP: 3/3
   583 | D:4      | Identified the ring of Qazlal's Favour {rElec Int+6}
   632 | D:4      | Found Xoydeol's Armour Emporium.
   659 | D:4      | Found Liesch's Antique Weapon Shop.
   674 | D:5      | Entered Level 5 of the Dungeon
   740 | D:4      | Found Wugiuno's Armour Emporium.
   755 | D:4      | Reached XP level 4. HP: 35/37 MP: 4/4
   870 | D:4      | Found Xink's Assorted Antiques.
   878 | D:4      | Reached skill level 6 in Polearms
   886 | D:4      | Found Reariwuewk's Weapon Shop.
  1076 | D:5      | Noticed a water moccasin
  1275 | D:4      | Reached skill level 4 in Fighting
  1286 | D:4      | Reached skill level 5 in Dodging
  1697 | D:4      | magus.rc [v1.9.6]
  1774 | D:5      | Reached XP level 5. HP: 30/42 MP: 5/5
  2023 | D:5      | Killed a water moccasin
  2024 | D:5      | Reached skill level 7 in Polearms
  2024 | D:5      | Reached XP level 6. HP: 30/49 MP: 6/6
  2571 | D:4      | HP: 5/49 [ogre/+0 giant club (29)]
  2853 | D:5      | Noticed an ice beast
  2870 | D:5      | HP: 12/49 [ice beast (12)]
  2874 | D:5      | HP: 4/49 [ice beast (7)]
  2875 | D:5      | Killed an ice beast
  2876 | D:5      | Reached skill level 8 in Polearms
  3195 | D:5      | Reached skill level 6 in Dodging
  3324 | D:5      | Reached skill level 5 in Fighting
  3418 | D:5      | HP: 11/51 [iguana (6)]
  3419 | D:5      | Slain by an iguana

Vanquished Creatures
  A water moccasin (D:5)
  An ice beast (D:5)
  A howler monkey (D:5)
  An orc priest (D:4)
  A jelly (D:5)
  An iguana (D:5)
  6 adders
  A shadow imp (D:5)
  An ufetubus (D:4)
  A dart slug (D:3)
  6 orcs
  2 ball pythons
  An endoplasm (D:2)
  3 giant cockroaches
  2 goblins
  3 hobgoblins
  4 jackals (D:4)
  A quokka (D:4)
  2 bats (D:1)
  A rat (D:2)
40 creatures vanquished.

Vanquished Creatures (others)
  A plant (D:4)
1 creature vanquished.

Grand Total: 41 creatures vanquished

Table legend:
 A = Non-vault XP
 B = Vault XP
 C = Vault XP percentage of total XP
 D = Non-vault monster count
 E = Vault monster count
 F = Vault count percentage of total count
                 A         B        C        D         E       F
            +---------+---------+-------+---------+---------+-------
      Total |     586 |      10 |   1.7 |      38 |       2 |   5.0
            +---------+---------+-------+---------+---------+-------
        D:1 |      20 |       0 |   0.0 |       5 |       0 |   0.0
        D:2 |       5 |       0 |   0.0 |       3 |       0 |   0.0
        D:3 |      23 |       0 |   0.0 |       5 |       0 |   0.0
        D:4 |     106 |      10 |   8.6 |      15 |       2 |  11.8
        D:5 |     432 |       0 |   0.0 |      10 |       0 |   0.0
            +---------+---------+-------+---------+---------+-------

Illustrated notes

Table legend:
 A = Kills in this place as a percentage of kills in entire the game.
 B = Kills by you in this place as a percentage of kills by you in the entire game.
 C = Kills by friends in this place as a percentage of kills by friends in the entire game.
 D = Other kills in this place as a percentage of other kills in the entire game.
 E = Experience gained in this place as a percentage of experience gained in the entire game.
 F = Experience gained in this place divided by the number of levels of this place that you have seen.
                   A       B       C       D       E      F
               +-------+-------+-------+-------+-------+----------------------
         Total | 100.0 | 100.0 |   N/A |   N/A | 100.0 |  85.1
       Dungeon | 100.0 | 100.0 |   N/A |   N/A | 100.0 |  85.1
               +-------+-------+-------+-------+-------+----------------------

Table legend: (Time is in decaauts)
 A = Elapsed time spent in this place.
 B = Non-inter-level travel time spent in this place.
 C = Inter-level travel time spent in this place.
 D = Time resting spent in this place.
 E = Time spent auto-exploring this place.
 F = Levels seen in this place.
 G = Mean time per level.
                   A        B        C        D        E       F      G
               +--------+--------+--------+--------+--------+-----+--------+
         Total |   3355 |   3214 |    141 |   1546 |    677 |   7 |  479.3 |
       Dungeon |   3355 |   3214 |    141 |   1546 |    677 |   7 |  479.3 |
               +--------+--------+--------+--------+--------+-----+--------+

Top non-repeatable levels by time:
     D:5: 1575 daAuts
     D:4: 1268 daAuts
     D:3: 233 daAuts
     D:1: 209 daAuts
     D:2: 54 daAuts
     D:6: 12 daAuts
     D:7: 1 daAuts
